 Dungeon Crawl Stone Soup version 0.26-a0-778-g3fe0686644 (webtiles) character file.

Game seed: 735892099232852870

837 FieryCelt13 the Chopper (level 8, 0/61 HPs)
             Began as a Formicid Fighter on Nov 10, 2020.
             Killed by divine providence
             ... invoked by an orc priest
              (12 damage)
             ... on level 6 of the Dungeon.
             The game lasted 00:07:55 (5510 turns).

FieryCelt13 the Chopper (Formicid Fighter)          Turns: 5510, Time: 00:07:56

Health: 0/61       AC: 15    Str: 23    XL:     8   Next: 19%
Magic:  8/8        EV:  6    Int:  8    God:
Gold:   82         SH: 10    Dex: 10    Spells: 7/7 levels left

rFire    . . .     SeeInvis +   u - +0 hand axe (elec)
rCold    . . .     Faith    .   c - +0 kite shield
rNeg     . . .     Spirit   .   d - +0 plate armour
rPois    .         Reflect  .   (helmet unavailable)
rElec    .         Harm     .   (no cloak)
rCorr    .         Rampage  .   m - +0 pair of gloves
MR       .....                  t - +0 pair of boots
Stlth    ..........             (no amulet)
HPRegen  0.20/turn              (no ring)
MPRegen  0.11/turn              (no ring)

@: no status effects
A: permanent stasis, dig shafts and tunnels, four strong arms, antennae 3
a: Dig, Shaft Self


You were on level 6 of the Dungeon.
You visited 1 branch of the dungeon, and saw 6 of its levels.

You collected 237 gold pieces.
You spent 155 gold pieces at shops.

Inventory:

Hand Weapons
 a - a +0 war axe
 u - a +0 hand axe of electrocution (weapon)
Armour
 c - a +0 kite shield (worn)
 d - a +0 plate armour (worn)
 m - a +0 pair of gloves (worn)
 t - a +0 pair of boots (worn)
Jewellery
 n - a +6 ring of intelligence
 o - an uncursed amulet of guardian spirit {unknown}
Scrolls
 b - a scroll of amnesia {unknown}
 f - 3 scrolls of identify
 h - 2 scrolls of random uselessness {unknown}
 j - 2 scrolls of remove curse
 k - a scroll of noise {unknown}
 l - 2 scrolls of blinking {unknown}
 p - a scroll of immolation
 q - 2 scrolls of magic mapping
 s - a scroll of enchant armour {unknown}
 v - 3 scrolls of teleportation {unknown}
Potions
 e - a potion of heal wounds {unknown}
 g - 5 potions of curing
 i - a potion of resistance {unknown}
 r - a potion of flight


   Skills:
 + Level 4.3 Fighting
 + Level 5.9 Axes
 + Level 5.6 Armour
 + Level 1.5 Dodging
 + Level 0.3 Stealth
 + Level 5.8 Shields


You had 7 spell levels left.
You didn't know any spells.
Your spell library was empty.

Dungeon Overview and Level Annotations

Branches:
Dungeon (6/15)
 Temple: D:4-7

Altars:
Ru
Yredelemnul

Shops:
D:4 ?[(*   D:5 (


Innate Abilities, Weirdness & Mutations

You cannot be hasted, slowed, berserked, paralysed or teleported.
You can dig through walls and to a lower floor.
Your four strong arms can wield two-handed weapons with a shield.
You have a pair of large antennae on your head. (SInv)


Message History

You block the yak's attack. The yak gores you but does no damage.
You block the bullfrog's attack.
The orc priest mumbles some strange prayers to Beogh against you.
Beogh smites you!
You completely miss the yak.
The yak is moderately wounded.
You hit the bullfrog. x2; You hit the yak.
You closely miss the yak. x2
The bullfrog hits you. x2; The yak gores you! x2; You block the yak's attack.
The yak barely misses you. You block the bullfrog's attack.
You are too injured to fight recklessly!
Unknown command.
You block the bullfrog's attack. You block the yak's attack.
The yak completely misses you. The bullfrog hits you.
* * * LOW HITPOINT WARNING * * *
The yak gores you.
* * * LOW HITPOINT WARNING * * *
You block the yak's attack. The bullfrog barely misses you.
The orc priest calls down the wrath of Beogh upon you.
Beogh smites you!
You die...

.. ...... #.
#......
#.###o.....#
..........#
#....o....#
##..o.......
..##.!YYYo.....
......F@Yo#
........F.#
...(.......#
.............
.....#.........
.##.##.........
!. ..........
.. .......###


You could see 4 yaks, 2 bullfrogs, 2 orc priests, an orc wizard and 2 orcs.

Vanquished Creatures
  A yak (D:6)
  2 ogres
  Blork the orc (D:4)
  A scorpion (D:5)
  A bullfrog zombie (D:5)
  2 orc priests
  4 worker ants
  A hound skeleton (D:5)
  Robin (D:3)
  5 adders
  An ufetubus (D:5)
  An ooze (D:1)
  4 worms
  3 dart slugs
  5 leopard geckos
  8 orcs
  15 bats
  3 giant cockroaches
  10 goblins
  13 hobgoblins
  12 jackals
  3 quokkas
  A ball python (D:2)
  8 frilled lizards
  8 kobolds
  A leopard gecko zombie (D:5)
  9 rats
124 creatures vanquished.

Vanquished Creatures (others)
  2 plants (D:2)
2 creatures vanquished.

Grand Total: 126 creatures vanquished

Notes
Turn   | Place    | Note
-------+----------+-------------------------------------------
     0 | D:1      | FieryCelt13 the Formicid Fighter began the quest for the
                  | Orb.
     0 | D:1      | Reached XP level 1. HP: 18/18 MP: 1/1
    92 | D:1      | Reached XP level 2. HP: 24/24 MP: 2/2
   377 | D:1      | Reached XP level 3. HP: 27/29 MP: 3/3
  1280 | D:2      | Reached XP level 4. HP: 36/37 MP: 4/4
  2104 | D:3      | Reached XP level 5. HP: 38/42 MP: 5/5
  2193 | D:3      | Reached skill level 1 in Dodging
  2458 | D:3      | Noticed Robin
  2476 | D:3      | Killed Robin
  2836 | D:3      | Found a basalt altar of Yredelemnul.
  3396 | D:4      | Noticed an ogre
  3400 | D:4      | Reached XP level 6. HP: 42/48 MP: 6/6
  3413 | D:4      | Killed an ogre
  3692 | D:4      | Noticed Blork the orc
  3710 | D:4      | Killed Blork the orc
  3710 | D:4      | Reached XP level 7. HP: 10/54 MP: 7/7
  3952 | D:4      | Found Mekhletyst's Weapon Shop.
  3954 | D:4      | Found Iduy's Armour Shop.
  3955 | D:4      | Found Goryim's Magic Scroll Shop.
  3956 | D:4      | Found Ipsualy's Assorted Antiques.
  3971 | D:4      | Bought a scroll of identify for 20 gold pieces
  3971 | D:4      | Bought a scroll of remove curse for 30 gold pieces
  3971 | D:4      | Bought a scroll of immolation for 35 gold pieces
  3971 | D:4      | Bought 2 scrolls of magic mapping for 70 gold pieces
  4095 | D:4      | Reached skill level 5 in Armour
  4590 | D:5      | Entered Level 5 of the Dungeon
  4625 | D:5      | Reached skill level 5 in Shields
  4672 | D:5      | Found Emyreneo's Weapon Boutique.
  4713 | D:5      | Reached skill level 5 in Axes
  5327 | D:5      | Found a sacrificial altar of Ru.
  5501 | D:6      | Noticed a yak
  5501 | D:6      | Noticed a yak
  5501 | D:6      | Noticed a yak
  5501 | D:6      | Noticed a yak
  5501 | D:6      | Noticed a yak
  5507 | D:6      | Killed a yak
  5507 | D:6      | Reached XP level 8. HP: 61/61 MP: 8/8
  5510 | D:6      | Killed from afar by an orc priest

Illustrated notes

Levels and vault maps discovered:
D:1:      dpeg_arrival_rhombi, layout_basic
D:2:      layout_loops_corners, serial_bayou_pond_e
D:3:      layout_basic, yredelemnul_altar_generic, uniq_robin
D:4:      layout_basic, serial_glass, glass_columns_a, glass_columns_c,
          minmay_shop_grid_forest, uniq_blork_the_orc
D:5:      layout_loops_corners, basic_altar, serial_shops,
          nicolae_shop_temple_entry_statues_fountains, kennysheep_generic_room_5
D:6:      layout_cave_pools, portal_sewer_entry_b, chequers_arboretum,
          grunt_ministairs_6, chequers_big_river, uniq_eustachio

Skill      XL: |  1  2  3  4  5  6  7 |
---------------+----------------------+-----
Shields        | 4 5 |  5.8
Armour         | 4 5 |  5.6
Axes           | 3 4 5 |  5.9
Dodging        | 1 |  1.5
Fighting       | 4 |  4.3
Stealth        | |  0.3

Action                   |  1- 3 |  4- 6 |  7- 9 || total
-------------------------+-------+-------+-------++-------
Melee: War axe           |    95 |   153 |   123 ||   371
       Hand axe          |       |       |    11 ||    11
  Use: Potion            |       |     1 |       ||     1
       Scroll            |       |       |     1 ||     1
Armor: Scale mail        |    38 |    83 |     8 ||   129
       Plate armour      |       |       |    63 ||    63
Dodge: Dodged            |    44 |    69 |    38 ||   151
Block: Kite shield       |    58 |   110 |    86 ||   254

Table legend: (Time is in decaauts)
 A = Elapsed time spent in this place.
 B = Non-inter-level travel time spent in this place.
 C = Inter-level travel time spent in this place.
 D = Time resting spent in this place.
 E = Time spent auto-exploring this place.
 F = Levels seen in this place.
 G = Mean time per level.
                   A        B        C        D        E       F      G
               +--------+--------+--------+--------+--------+-----+--------+
         Total |   5650 |   5458 |    192 |    842 |   3745 |   6 |  941.7 |
       Dungeon |   5650 |   5458 |    192 |    842 |   3745 |   6 |  941.7 |
               +--------+--------+--------+--------+--------+-----+--------+

Top non-repeatable levels by time:
     D:3: 1439 daAuts
     D:4: 1258 daAuts
     D:1: 1033 daAuts
     D:2: 975 daAuts
     D:5: 934 daAuts
     D:6: 9 daAuts
